 Dungeon Crawl Stone Soup version 0.14.1-26-g5a19342 (webtiles) character file.

897 Kae the Sneak (level 7, -8/32 HPs)
             Began as a Spriggan Enchanter on Aug 2, 2014.
             Killed from afar by Grinder (12 damage)
             ... with a wand of flame
             ... on Level 5 of the Dungeon.
             The game lasted 00:05:51 (3916 turns).

Kae the Sneak (Spriggan Enchanter)                  Turns: 3916, Time: 00:05:52

HP  -8/32        AC  4     Str  6      XL: 7   Next: 18%
MP  12/21        EV 18     Int 17      God:
Gold 296         SH  0     Dex 16      Spells:  3 memorised,  8 levels left

rFire  . . .     SeeInvis +     b - +0 dagger
rCold  + . .     Clarity  .     q - +2 robe
rNeg   . . .     Conserve .     (shield restricted)
rPois  .         rCorr    .     (helmet restricted)
rElec  .         rRot     .     (no cloak)
SustAb . .       Spirit   .     (gloves unavailable)
rMut   .         Warding  .     (boots unavailable)
Saprov . . .     Stasis   .     (no amulet)
MR     +....                    s - ring of regeneration
                                l - ring of protection from cold

@: very slightly contaminated, very quick, somewhat resistant to hostile
enchantments, very stealthy
A: unfitting armour, see invisible, herbivore 3, speed 3, slow metabolism 2
a: no special abilities


You were on level 5 of the Dungeon.
You were not hungry.

You visited 1 branch of the dungeon, and saw 5 of its levels.

You collected 296 gold pieces.

Inventory:

Hand weapons
 a - a +1,+1 dagger
 b - a +0,+0 dagger (weapon)
Missiles
 d - 12 darts (quivered)
 r - 6 tomahawks of returning
Armour
 q - a +2 robe (worn)
Magical devices
 x - a wand of frost (10) {unknown}
Comestibles
 m - 2 bread rations
Scrolls
 e - a scroll of fear {unknown}
 f - 5 scrolls of remove curse
 i - 4 scrolls of identify
 p - a scroll of noise
 v - a scroll of recharging
 w - 2 scrolls of enchant weapon I {unknown}
Jewellery
 g - a cursed ring of teleportation {unknown}
 k - an uncursed amulet of the gourmand {unknown}
 l - a ring of protection from cold (left hand)
 s - a ring of regeneration (right hand)
Potions
 h - a potion of heal wounds {unknown}
 j - a potion of flight {unknown}
 o - a potion of degeneration {unknown}
 t - a potion of restore abilities {unknown}
 u - a potion of agility {unknown}
Books
 c - a book of Maledictions

   Spells                             Type                      Level
   *Corona                            Hexes                        1
   Sure Blade                         Hexes/Charms                 2
   *Ensorcelled Hibernation           Hexes/Ice                    2
   *Confuse                           Hexes                        3
   Enslavement                        Hexes                        4
   Invisibility                       Hexes                        6
 n - a book of Geomancy

   Spells                             Type                      Level
   Sandblast                          Earth                        1
   Stoneskin                          Transmutation/Earth          2
   Passwall                           Transmutation/Earth          3
   Stone Arrow                        Conjuration/Earth            3
   Petrify                            Transmutation/Earth          4
   Lee's Rapid Deconstruction         Earth                        5


   Skills:
 * Level 4.8 Short Blades
 - Level 1.1 Throwing
 - Level 3.0 Dodging
 * Level 7.4 Stealth
 + Level 4.4 Spellcasting
 + Level 5.6 Hexes


You had 8 spell levels left.
You knew the following spells:

 Your Spells              Type           Power        Failure   Level  Hunger
a - Corona                Hex            ###....      1%          1    None
b - Ensorcelled Hibernat  Hex/Ice        ##....       10%         2    #......
c - Confuse               Hex            ###.....     6%          3    ###....


Dungeon Overview and Level Annotations

Branches:
Dungeon (5/15)
 Temple: D:4-7

Altars:

Annotations:
D:5 Grinder


Innate Abilities, Weirdness & Mutations

You are tiny and cannot use many weapons and most armour.
You have supernaturally acute eyesight.
You are a herbivore.
You cover ground extremely quickly.
You need consume almost no food.


Message History

Aim: Grinder carrying a wand of flame {zapped: 1} Grinder resists.
Grinder says, "I used to sell toe-nails on the black market."
Grinder hits you.
You writhe in agony.
* * * LOW HITPOINT WARNING * * *
Drink which item? (? for menu, Esc to quit)
Okay, then.
Unknown command.
Casting: Confuse
Confirm with . or Enter, or press ? or * to list all spells.
Aiming: Confuse
Press: ? - help, Shift-Dir - straight line, f/p - Grinder
Aim: Grinder carrying a wand of flame {zapped: 1} You miscast Confuse.
You are very lightly contaminated with residual magic.
Nothing appears to happen.
Grinder zaps a wand.
The puff of flame hits you!
You die...

#... ##.. #.. ### #<.
##.. ###... #####
#..... ....#5@.###
##....# #...........###
##.%..##
##...........####....##
###...#.....##......#
#######...#.....###
#........## ##.....###
##...## #####


You could see Grinder.

Vanquished Creatures
  The ghost of Kae the Sneak, an average SpEn (D:3)
  A hound (D:5)
  A centaur skeleton (D:4)
  An orc priest (D:4)
  A gnoll shaman (D:4)
  An orc wizard (D:4)
  4 worker ants (D:4)
  Terence (D:2)
  10 gnolls
  A shadow imp (D:4)
  2 adders
  A worm (D:2)
  2 oozes
  9 orcs
  2 ball pythons
  5 giant cockroaches
  11 goblins
  15 hobgoblins
  2 jackals (D:4)
  3 quokkas
  11 bats
  3 giant geckos
  5 giant newts
  7 kobolds
  9 rats
109 creatures vanquished.

Notes
Turn   | Place    | Note
--------------------------------------------------------------
     0 | D:1      | Kae, the Spriggan Enchanter, began the quest for the Orb.
     0 | D:1      | Reached XP level 1. HP: 9/9 MP: 4/4
   262 | D:1      | Reached XP level 2. HP: 13/13 MP: 7/7
   685 | D:1      | Reached skill level 4 in Stealth
   762 | D:2      | Reached XP level 3. HP: 12/16 MP: 9/9
   766 | D:2      | Learned a level 2 spell: Ensorcelled Hibernation
   770 | D:2      | Learned a level 3 spell: Confuse
  1412 | D:2      | Noticed Terence
  1416 | D:2      | Killed Terence
  1889 | D:2      | Reached XP level 4. HP: 21/21 MP: 13/13
  2554 | D:3      | Noticed Kae's ghost (average SpEn)
  2581 | D:3      | Killed Kae's ghost
  2581 | D:3      | Reached skill level 5 in Stealth
  2581 | D:3      | Reached XP level 5. HP: 20/24 MP: 8/16
  2667 | D:3      | Reached skill level 6 in Stealth
  2899 | D:4      | Reached XP level 6. HP: 28/28 MP: 18/18
  3116 | D:4      | Reached skill level 5 in Hexes
  3413 | D:4      | Reached skill level 7 in Stealth
  3579 | D:4      | Reached XP level 7. HP: 25/32 MP: 15/21
  3882 | D:5      | Entered Level 5 of the Dungeon
  3911 | D:5      | Noticed Grinder
  3916 | D:5      | Killed from afar by Grinder

Action                   |  1- 3 |  4- 6 |  7- 9 || total
-------------------------+-------+-------+-------++-------
Melee: Dagger            |   202 |   203 |    21 ||   426
 Cast: Corona            |     2 |     1 |       ||     3
       Ensorcelled Hiber |     8 |    41 |    13 ||    62
       Confuse           |       |     3 |     3 ||     6
  Use: Scroll            |       |     6 |       ||     6
       Potion            |       |     1 |       ||     1
 Stab: Sleeping          |    10 |    37 |     7 ||    54
       Confused          |       |     2 |     1 ||     3
